 Dungeon Crawl Stone Soup version 0.27.1-34-g3ba077fa99 (webtiles) character file.

Game seed: 13979957107541875827

21271 pkoi the Brawler (level 12, -17/86 HPs)
             Began as a Green Draconian Monk on Jan 11, 2022.
             Was the Champion of Hepliaklqana.
             Killed from afar by a wizard (36 damage)
             ... with a fireball
             ... in a volcano.
             The game lasted 00:33:02 (19719 turns).

pkoi the Brawler (Green Draconian Monk)            Turns: 19719, Time: 00:33:02

Health: -17/86     AC: 10    Str: 15    XL:     12   Next: 52%
Magic:  16/16      EV: 17    Int: 15    God:    Hepliaklqana [******]
Gold:   1701       SH:  0    Dex: 13    Spells: 11/11 levels left

rFire    . . .     SeeInvis .     - Unarmed
rCold    . . .     Faith    .   (no shield)
rNeg     . . .     Spirit   .   (armour unavailable)
rPois    +         Reflect  .   Q - +0 hat {Will+}
rElec    .         Harm     .   F - +0 cloak
rCorr    +         Rampage  .   d - +0 pair of gloves
Will     +....                  (no boots)
Stlth    ++........             r - amulet of magic regeneration
HPRegen  0.24/turn              h - ring of resist corrosion
MPRegen  0.40/turn              y - +4 ring of evasion

@: short of breath
A: reduced essence, breathe noxious fumes, AC +8, unfitting armour, poison
resistance, cold-blooded
a: Breathe Noxious Fumes, Renounce Religion, Recall Ancestor, Ancestor Identity,
Transference, Idealise


You were in a volcano.
You worshipped Hepliaklqana.
Hepliaklqana was exalted by your worship.
You visited 3 branches of the dungeon, and saw 16 of its levels.
You also visited: Ossuary, Ice Cave and Volcano.

You collected 2151 gold pieces.
You spent 450 gold pieces at shops.

Inventory:

Hand Weapons
 k - a +0 short sword
 m - a +1 dagger of venom
 G - the +9 dagger "Befyfuc" {freeze, rF+ Int+4}
   (You found it on level 10 of the Dungeon)

   It freezes those it strikes, dealing additional cold damage.
   It can also slow down cold-blooded creatures.
   Int:       It affects your intelligence (+4).
   rF:        It protects you from fire.
 R - a +1 arbalest of flaming
Missiles
 D - 3 throwing nets (quivered)
Armour
 d - a +0 pair of gloves (worn)
 F - a +0 cloak (worn)
 J - a +2 hat
 Q - a +0 hat of willpower (worn)
Jewellery
 h - a ring of resist corrosion (left hand)
 l - a ring of ice
 r - an amulet of magic regeneration (around neck)
 y - a +4 ring of evasion (right hand)
Wands
 p - a wand of acid (2)
 u - a wand of digging (3)
 I - a wand of charming (5)
 K - a wand of flame (89)
 N - a wand of polymorph (21)
 P - a wand of mindburst (12)
Scrolls
 a - a scroll of magic mapping
 b - 5 scrolls of teleportation
 g - 4 scrolls of amnesia
 i - 2 scrolls of fog
 v - 5 scrolls of identify
 w - 3 scrolls of holy word
 x - 2 scrolls of enchant weapon
 H - 2 scrolls of blinking
 M - a scroll of brand weapon
 O - 2 scrolls of fear
Potions
 c - 7 potions of heal wounds
 e - 5 potions of flight
 f - 4 potions of haste
 j - 4 potions of resistance
 n - a potion of mutation
 o - 2 potions of invisibility
 q - 6 potions of curing
 s - a potion of lignification
 t - a potion of magic
 z - 2 potions of brilliance
 A - 3 potions of attraction
 B - a potion of cancellation
 C - 2 potions of might
 E - 2 potions of ambrosia
Miscellaneous
 L - a phantom mirror


   Skills:
 - Level 6.0 Fighting
 - Level 5.0 Dodging
 - Level 3.0 Stealth
 + Level 17.9 Unarmed Combat
 - Level 6.0 Invocations


You had 11 spell levels left.
You didn't know any spells.
Your spell library contained the following spells:

 Spells                   Type           Power      Damage    Failure   Level
 Freeze                   Ice            0%         1d3       26%         1
 Magic Dart               Conj           0%         1d3       26%         1
 Call Imp                 Summ           0%         N/A       38%         2
 Searing Ray              Conj           0%         3d3       38%         2
 Frozen Ramparts          Ice            0%         1d2       63%         3
 Mephitic Cloud           Conj/Pois/Air  0%         N/A       63%         3
 Portal Projectile        Hex/Tloc       0%         N/A       63%         3
 Fulminant Prism          Conj/Hex       0%         3d6       95%         4
 Hailstorm                Conj/Ice       0%         3d3       95%         4
 Blade Hands              Tmut           0%         N/A       100%        5
 Excruciating Wounds      Necr           0%         N/A       100%        5


Dungeon Overview and Level Annotations

Branches:
Dungeon (11/15)            Temple (1/1) D:4            Lair (4/6) D:10
  Swamp (0/4) Lair:4       Spider (0/4) Lair:2      Ossuary (visited)
  IceCv (visited)         Volcano (1/1)
    Orc: D:9-12

Altars:
Ashenzari
Cheibriados
Dithmenos
Elyvilon
Fedhas
Gozag
Hepliaklqana
Kikubaaqudgha
Makhleb
Nemelex Xobeh
Okawaru
Qazlal
Ru
Sif Muna
Trog
Uskayaw
Vehumet
Wu Jian
Xom
Yredelemnul
Zin
The Shining One

Shops:
D:3 !   D:9 !

Annotations:
Lair:2 2 transporters, boopmooplesden's ghost, journeyman MiFi


Innate Abilities, Weirdness & Mutations

Your life essence is reduced to manifest your ancestor. (-10% HP)
You can breathe blasts of noxious fumes.
Your lurid green scales are hard. (AC +8)
You cannot fit into any form of body armour.
Your system is resistant to poisons. (rPois)
You are cold-blooded and may be slowed by cold attacks.


Message History

The wizard is almost dead.
Something hits you! Something burns you.
* * * LOW HITPOINT WARNING * * *
The wizard is engulfed in noxious fumes.
The wizard appears confused.
Unknown command.
You closely miss something. You tail-slap something. You hit something.
You hear some strange, mumbled words.
Something tries to affect you, but you resist.
Teela barely misses the wizard.
You miss something. Your punch misses something. Something hits you.
* * * LOW HITPOINT WARNING * * *
Something burns you.
* * * LOW HITPOINT WARNING * * *
Teela hits the wizard with a +0 flail!
The wizard dies!
You pummel something!! You tail-slap something. Something hits you.
* * * LOW HITPOINT WARNING * * *
Something burns you.
* * * LOW HITPOINT WARNING * * *
You punch something! You barely miss something. Your punch misses something.
You hear some strange, mumbled words.
Found 6 gold pieces.
Teela hits something with a +0 flail.
You hear some strange, mumbled words.
You hear some strange, mumbled words.
A fireball appears from out of thin air!
The fireball explodes!
The fireball engulfs you!!
* * * LOW HITPOINT WARNING * * *
The fireball engulfs Teela!
Teela resists.
Things that are here:
a +1 mace of flaming; a +2 robe of fire resistance You hear some strange, mumbled words.
A fireball appears from out of thin air!
The fireball explodes!
The fireball engulfs Teela!
Teela resists.
The fireball engulfs you!!!
You die...

≈≈≈≈○○≈§§§§≈≈≈○○○°○≈≈§°§≈°≈°
≈≈≈≈≈≈§°§≈≈§≈≈≈≈≈°°°°≈≈≈≈≈≈°
######################≈≈≈§≈#
.....#..........[..R.#..§§§○
.∩.∩.'.#'#####'#'###.+...###
.....#.#.).#......#..#..##
##+################'##.##
♣♣≈......#{..###
♣≈≈....)@R.∩.########
≈≈$≈.......#.....'....#
#####################.# §≈
#.)(.[)...#.# ≈
#.#...).[[#.# #.#.......#.#
#.#########.# #...........#
#############


You could see the friendly Teela the knight.

Vanquished Creatures
  A hydra (Lair:4)
  A dancing weapon (Volcano)
  A two-headed ogre (D:9)
  2 wizards (Volcano)
  Pikel (D:9)
  2 toenail golems (Volcano)
  A rime drake (Lair:3)
  4 cane toads
  A komodo dragon (Lair:3)
  A queen bee (D:9)
  A polar bear (IceCv)
  A hornet (D:8)
  3 dream sheep (Lair:4)
  16 yaks
  2 steam dragons
  A basilisk (Lair:3)
  5 water moccasins
  2 wargs (D:10)
  A sky beast (D:7)
  Purgy (D:1)
  An orc warrior (D:10)
  2 black bears
  A necrophage (D:5)
  4 wolves
  3 centaurs
  3 lemures (D:9)
  A kobold brigand (D:8)
  7 bullfrogs
  3 gnoll sergeants (D:7)
  A scorpion (D:6)
  A water moccasin skeleton (D:4)
  22 killer bees
  2 howler monkeys (D:9)
  A jelly (D:5)
  An electric eel (Lair:4)
  4 centaur zombies
  6 orc priests
  2 gnoll shamans
  3 hounds
  Ijyb (D:3)
  Jessica (D:3)
  An iguana (D:7)
  A knight (D:9)
  2 orc wizards
  8 mummies (Ossuary)
  A howler monkey zombie (D:9)
  Robin (D:3)
  16 gnolls
  5 adders
  A shadow imp (D:6)
  2 white imps (D:7)
  5 dart slugs
  17 orcs
  11 ball pythons
  4 endoplasms
  3 giant cockroaches
  A gnoll zombie (Ossuary)
  9 hobgoblins
  6 jackals
  10 kobolds
  4 quokkas
  9 bats
  2 frilled lizards (D:2)
  12 goblins
  A hobgoblin zombie (Ossuary)
  A kobold zombie (Ossuary)
  2 orc zombies (Ossuary)
  3 rats
256 creatures vanquished.

Vanquished Creatures (collateral kills)
  A wizard (Volcano)
  A toenail golem (Volcano)
  3 rime drakes
  A cane toad (Lair:1)
  2 polar bears (IceCv)
  A redback (Lair:2)
  10 yaks
  2 steam dragons (D:7)
  A warg (D:10)
  4 water moccasins
  2 sky beasts
  3 ice beasts
  An ogre (D:6)
  3 wolves
  3 centaurs
  A phantom (D:7)
  A gnoll sergeant (D:6)
  3 bullfrogs
  A scorpion (D:6)
  6 killer bees
  2 howler monkeys
  A centaur zombie (D:5)
  3 hounds
  2 gnoll shamans
  An orc priest (D:8)
  A bullfrog skeleton (D:6)
  3 iguanas
  3 orc wizards
  A killer bee zombie (D:7)
  A hound skeleton (D:4)
  10 gnolls
  A howler monkey skeleton (D:6)
  A river rat (D:4)
  9 orcs
  A gnoll zombie (Ossuary)
  A kobold (D:8)
  2 kobold zombies (Ossuary)
  A rat (D:4)
  A butterfly (Lair:2)
95 creatures vanquished.

Vanquished Creatures (others)
  A wolf (IceCv)
  4 knights
  10 fungi
  5 plants
20 creatures vanquished.

Grand Total: 371 creatures vanquished

Notes
Turn   | Place    | Note
-------+----------+-------------------------------------------
     0 | D:1      | pkoi the Draconian Monk began the quest for the Orb.
     0 | D:1      | Reached XP level 1. HP: 19/19 MP: 1/1
   204 | D:1      | Reached XP level 2. HP: 18/26 MP: 2/2
   997 | D:1      | Reached XP level 3. HP: 27/33 MP: 3/3
  1706 | D:2      | Found a blossoming altar of Fedhas.
  2333 | D:2      | Reached XP level 4. HP: 34/40 MP: 4/4
  2405 | D:3      | Noticed Jessica
  2416 | D:3      | Killed Jessica
  2417 | D:3      | Reached skill level 4 in Unarmed Combat
  2459 | D:3      | Noticed Purgy
  2484 | D:3      | Found Zoud's Distillery.
  2779 | D:3      | Bought a potion of degeneration for 10 gold pieces
  2780 | D:3      | Bought a potion of haste for 100 gold pieces
  3149 | D:3      | Found a faded altar of an unknown god.
  3212 | D:3      | Reached XP level 5. HP: 32/46 MP: 5/5
  3717 | D:3      | Reached skill level 5 in Unarmed Combat
  3742 | D:3      | Noticed Robin
  3915 | D:3      | Killed Robin
  4139 | D:3      | Found a sparkling altar of Nemelex Xobeh.
  4139 | D:3      | Found a blossoming altar of Fedhas.
  4139 | D:3      | Found a snail-covered altar of Cheibriados.
  4139 | D:3      | Noticed Ijyb
  4161 | D:3      | HP: 2/46 [acid (4)]
  4170 | D:3      | Killed Ijyb
  4665 | D:4      | Found a staircase to the Ecumenical Temple.
  4674 | Temple   | Entered the Ecumenical Temple
  4874 | Temple   | Became a worshipper of Hepliaklqana the Forgotten
  4874 | Temple   | Reached * piety under Hepliaklqana
  4874 | Temple   | Reached ** piety under Hepliaklqana
  4898 | D:4      | Remembered your ancestor Teela as a knight
  4914 | D:4      | Reached XP level 6. HP: 44/46 MP: 6/6
  4935 | D:4      | Reached skill level 6 in Unarmed Combat
  5743 | D:4      | Reached skill level 7 in Unarmed Combat
  5843 | D:5      | Entered Level 5 of the Dungeon
  5904 | D:5      | Your scales start taking on a lurid green colour.
  5904 | D:5      | Reached XP level 7. HP: 53/53 MP: 7/7
  5904 | D:5      | Gained mutation: Your system is resistant to poisons.
                  | (rPois) [Green Draconian growth]
  6188 | D:5      | Reached skill level 8 in Unarmed Combat
  6522 | D:5      | Found a sacrificial altar of Ru.
  6973 | D:6      | Reached skill level 9 in Unarmed Combat
  7053 | D:6      | Reached XP level 8. HP: 58/59 MP: 8/8
  7553 | D:6      | Reached *** piety under Hepliaklqana
  7558 | D:6      | Reached skill level 10 in Unarmed Combat
  8326 | D:1      | Killed Purgy
  8787 | D:6      | Found a stormy altar of Qazlal.
  8963 | D:7      | Reached XP level 9. HP: 54/65 MP: 9/9
  8976 | D:7      | Reached skill level 5 in Fighting
  9148 | D:7      | Found a sand-covered staircase.
  9154 | Ossuary  | Entered an ossuary
  9263 | Ossuary  | Reached skill level 11 in Unarmed Combat
  9567 | D:3      | Bought a potion of brilliance for 40 gold pieces
  9567 | D:3      | Bought a potion of attraction for 30 gold pieces
  9567 | D:3      | Bought a potion of curing for 30 gold pieces
  9567 | D:3      | Bought a potion of might for 40 gold pieces
  9567 | D:3      | Bought a potion of haste for 100 gold pieces
  9567 | D:3      | Bought a potion of heal wounds for 50 gold pieces
  9567 | D:3      | Bought a potion of heal wounds for 50 gold pieces
  9695 | D:7      | Reached **** piety under Hepliaklqana
 10088 | D:7      | Reached skill level 5 in Dodging
 10394 | D:7      | Noticed a death knight
 10396 | D:7      | Noticed a komodo dragon
 10398 | D:7      | Noticed a troll
 10647 | D:7      | Reached skill level 12 in Unarmed Combat
 11128 | D:8      | Reached XP level 10. HP: 74/74 MP: 10/10
 11168 | D:8      | Reached skill level 1 in Invocations
 11189 | D:8      | Reached skill level 13 in Unarmed Combat
 11593 | D:9      | Found Zarhaut's Distillery.
 12099 | D:9      | Noticed a two-headed ogre
 12180 | D:9      | Noticed a manticore
 12184 | D:9      | Noticed a two-headed ogre
 12351 | D:9      | Killed a two-headed ogre
 12713 | D:9      | Identified a scroll of acquirement
 12713 | D:9      | Acquired 840 gold pieces
 12736 | D:9      | Noticed Pikel
 12750 | D:9      | Reached skill level 14 in Unarmed Combat
 12785 | D:9      | Killed Pikel
 13040 | D:10     | Entered Level 10 of the Dungeon
 13070 | D:10     | Identified the +9 dagger "Befyfuc" {freeze, rF+ Int+4}
 13126 | D:10     | Reached ***** piety under Hepliaklqana
 13154 | D:10     | Identified the +1 ring mail "Jupet" {rC++}
 13159 | D:10     | Found a staircase to the Lair.
 13180 | D:10     | Reached XP level 11. HP: 43/80 MP: 13/13
 14079 | D:10     | Reached skill level 15 in Unarmed Combat
 14636 | D:11     | Reached skill level 5 in Invocations
 14727 | Lair:1   | Entered Level 1 of the Lair of Beasts
 14933 | Lair:1   | You fall into a shaft and drop 1 floor!
 15437 | Lair:1   | Found a frozen archway.
 15461 | IceCv    | Entered an ice cave
 16010 | IceCv    | Noticed a death yak
 16139 | Lair:1   | Reached skill level 16 in Unarmed Combat
 16648 | Lair:2   | Found a hole to the Spider Nest.
 17183 | Lair:2   | Noticed a death yak
 17678 | Lair:2   | Found a transporter.
 17692 | Lair:2   | Noticed a brown ugly thing
 17692 | Lair:2   | Noticed boopmooplesden's ghost (journeyman MiFi)
 17703 | Lair:2   | Found the +8 demon trident "Rift" {distort, reach+}
 17758 | Lair:2   | Noticed a death yak
 17763 | Lair:2   | Noticed a death yak
 17771 | Lair:2   | Noticed a brown ugly thing
 17782 | Lair:2   | Noticed a cyan ugly thing
 17784 | Lair:2   | Found a transporter.
 17910 | Lair:2   | Reached XP level 12. HP: 74/86 MP: 16/16
 18035 | Lair:2   | Noticed a rakshasa
 18572 | Lair:3   | Reached ****** piety under Hepliaklqana
 19046 | Lair:4   | Found a staircase to the Swamp.
 19068 | Lair:4   | Noticed a five-headed hydra
 19083 | Lair:4   | Killed a five-headed hydra
 19084 | Lair:4   | Reached skill level 17 in Unarmed Combat
 19444 | Lair:4   | Found a dark tunnel.
 19452 | Volcano  | Entered a volcano
 19719 | Volcano  | Killed from afar by a wizard

Illustrated notes

Levels and vault maps discovered:
D:1:      dpeg_arrival_shrine, layout_loops_cross
D:2:      cheibrodos_old_hovel, layout_loops_ring, basic_altar, minivault_19
D:3:      layout_loops_corners, gammafunk_temple_overflow_claw, serial_shops,
          shop_statue, hellmonk_ecumenical_altar_blasted, cheibrodos_gnoll_hut,
          uniq_robin, uniq_ijyb, uniq_purgy, uniq_jessica
D:4:      layout_loops_ring, minmay_temple_entry_waves, gup_sewer_entry_bubbles,
          grunt_decor_resistance
D:5:      layout_basic, nicolae_ru_awakened_eye, minivault_5,
          chequers_serial_rivers_room_b
D:6:      layout_cave_pods, nicolae_qazlal_scattered_showers
D:7:      minmay_the_grid_octo_2x2 [minmay_the_grid_octo_horde,
          minmay_the_grid_octo_checkerflower, minmay_the_grid_octo_pinwheel,
          minmay_the_grid_octo_prize_star], layout_gridville,
          lightli_ossuary_entry_decrepit_ruins, moated_statue
D:8:      layout_rooms, hangedman_decor_points, item_on_display_a
D:9:      cheibrodos_elevator_heist, layout_long_grid, special_room
          [special_room_bee], serial_shops, shop, uniq_pikel
D:10:     layout_gridville, erik_lair_orcish_takeover
D:11:     minmay_firetagon, layout_basic, david_orc_5, enter_trove_6
Temple:   bh_familiar_temple
Lair:1:   layout_regular_city, portal_ice_cave_rime
Lair:2:   layout_cave_pods, spider_nest_entry_rubble,
          gammafunk_ghost_abyssal_escape, minivault_11,
          nicolae_quartered_pool_little, lemuel_fruit_fields
Lair:3:   layout_misc_corridors, lemuel_fruit_fields
Lair:4:   layout_regular_city, swamp_mist_pool, nicolae_volcano_entry_hallway,
          minivault_19, infiniplex_staircase_pool
Volcano:  volcano_bunker

Skill      XL: |  1  2  3  4  5  6  7  8  9 10 11 12 |
---------------+-------------------------------------+-----
Stealth        | 2 3 |  3.0
Dodging        | 3 5 |  5.0
Fighting       | 4 6 |  6.0
Unarmed Combat | 4 5 7 9 10 12 14 16 17 | 17.9
Invocations    | 3 6 |  6.0

Action                   |  1- 3 |  4- 6 |  7- 9 | 10-12 || total
-------------------------+-------+-------+-------+-------++-------
Melee: Unarmed           |   175 |   132 |   297 |   480 ||  1084
       Punch             |     3 |     1 |    12 |    24 ||    40
       Tailslap          |    14 |    20 |    44 |    50 ||   128
       Dagger            |       |    48 |       |       ||    48
Invok: Ancestor Life: Kn |       |     1 |       |       ||     1
       Ancestor Identity |       |     1 |       |       ||     1
       Recall Ancestor   |       |       |     1 |     4 ||     5
 Abil: Breathe Noxious F |       |       |     3 |    11 ||    14
  Use: Scroll            |     5 |     3 |     9 |     4 ||    21
       Potion            |       |     1 |     1 |     5 ||     7
 Stab: Sleeping          |     8 |     5 |     3 |     5 ||    21
       Distracted        |       |       |     1 |     2 ||     3
       Confused          |       |       |     1 |     7 ||     8
Armor: Skin              |    71 |    62 |    95 |   114 ||   342
Dodge: Dodged            |   123 |    91 |   185 |   387 ||   786
